 Dungeon Crawl Stone Soup version 0.27-a0-1188-g73eefd5def (webtiles) character file.

Game seed: 13175770395658632297

4 lunkers the Shield-Bearer (level 1, 0/11 HPs)
             Began as a Vine Stalker Fighter on May 20, 2021.
             Succumbed to an adder's poison
             ... on level 2 of the Dungeon.
             The game lasted 00:00:23 (226 turns).

lunkers the Shield-Bearer (Vine Stalker Fighter)     Turns: 226, Time: 00:00:23

Health: 0/11       AC:  6    Str: 18    XL:     1   Next: 60%
Magic:  0/2        EV:  7    Int:  8    God:
Gold:   0          SH:  9    Dex: 13    Spells: 0/0 levels left

rFire    . . .     SeeInvis .   a - +0 rapier
rCold    . . .     Faith    .   c - +0 kite shield
rNeg     . . .     Spirit   +   b - +0 scale mail
rPois    .         Reflect  .   (no helmet)
rElec    .         Harm     .   (no cloak)
rCorr    .         Rampage  .   (no gloves)
Will     .....                  (no boots)
Stlth    ..........             (no amulet)
HPRegen  0.03/turn              (no ring)
MPRegen  0.08/turn              (no ring)

@: lethally poisoned (0 -> -1)
A: fangs 2, magic shield, antimagic bite, no potion heal 2
a: no special abilities


You were on level 2 of the Dungeon.
You visited 1 branch of the dungeon, and saw 2 of its levels.

Inventory:

Hand Weapons
 a - a +0 rapier (weapon)
Armour
 b - a +0 scale mail (worn)
 c - a +0 kite shield (worn)
Potions
 d - a potion of might


   Skills:
 - Level 2.6 Fighting
 * Level 2.1 Short Blades
 - Level 2.4 Armour
 - Level 2.6 Shields


You couldn't memorise any spells.
You didn't know any spells.
Your spell library was empty.

Dungeon Overview and Level Annotations

Branches:
Dungeon (1/15)

Altars:


Innate Abilities, Weirdness & Mutations

You have extremely sharp teeth.
When hurt, damage is shared between your health and your magic reserves.
Your bite disrupts and absorbs the magic of your enemies.
Potions cannot restore your health.


Message History

You fall into a shaft and drop 1 floor!
The shaft crumbles and collapses.
An adder comes into view.
The adder hisses angrily.
A bat, an endoplasm and a giant cockroach come into view.
You barely miss the bat. The bat barely misses you. You block the bat's attack.
The bat hits you but does no damage.
A rat comes into view.
The bat hits you but does no damage. The bat closely misses you.
Found a scroll labelled VEENES SEVI.
You barely miss the rat. You block the bat's attack. The rat barely misses you.
The giant cockroach barely misses you. The rat bites you but does no damage.
The bat hits you.
You hit the bat.
You kill the bat!
The rat bites you.
You closely miss the rat. You bite the rat.
You kill the rat!
The adder closely misses you.
You barely miss the adder. The adder bites you. x2
You are lethally poisoned!
The adder poisons you!
You miss the adder.
* * * LOW HITPOINT WARNING * * *
You feel sick. You block the adder's attack. x2
You aren't carrying any items that you can evoke.
You miss the adder.
* * * LOW HITPOINT WARNING * * *
You feel sick. The adder closely misses you.
The endoplasm jiggles.
The adder closely misses you.
Your shield prevents you from hitting the adder.
Your bite misses the adder.
* * * LOW HITPOINT WARNING * * *
You feel sick. The adder barely misses you. The adder bites you.
You puncture the adder! Your bite misses the adder.
The adder is almost dead.
You die...

....... ...... ###
...... ...#
....####...
.....#... #.##J..#
#.##..##.#
####.##.....#
#.@SB...#...#
#.....##J####.#...#
##..## #.# .#..##
## #.# ## ... #?#
... #.. ... ... ...


You could see an adder, an endoplasm and a giant cockroach.

Vanquished Creatures
  A hobgoblin (D:1)
  A quokka (D:1)
  A bat (D:2)
  A rat (D:2)
4 creatures vanquished.

Notes
Turn   | Place    | Note
-------+----------+-------------------------------------------
     0 | D:1      | lunkers the Vine Stalker Fighter began the quest for the
                  | Orb.
     0 | D:1      | Reached XP level 1. HP: 11/11 MP: 2/2
   211 | D:1      | You fall into a shaft and drop 1 floor!
   226 | D:2      | Succumbed to an adder's poison

Illustrated notes

Levels and vault maps discovered:
D:1:      amcnicky_arrival_flooded_fountain, layout_loops_ring, minivault_5,
          due_unseen_surprise
D:2:      minmay_alternating_diamond, layout_rooms,
          shapermc_ecumenical_altar_venn, st_stairs_4, minmay_pentomino_o2,
          uniq_natasha

Skill      XL: |  1 |
---------------+----+-----
Short Blades   | 2 |  2.1
Fighting       | |  2.6
Armour         | |  2.4
Shields        | |  2.6

Action                   || total
-------------------------++-------
Melee: Rapier            ||    17
       Bite              ||     5
Armor: Scale mail        ||     5
Dodge: Dodged            ||     9
Block: Kite shield       ||     8

Table legend: (Time is in decaauts)
 A = Elapsed time spent in this place.
 B = Non-inter-level travel time spent in this place.
 C = Inter-level travel time spent in this place.
 D = Time resting spent in this place.
 E = Time spent auto-exploring this place.
 F = Levels seen in this place.
 G = Mean time per level.
                   A        B        C        D        E       F      G
               +--------+--------+--------+--------+--------+-----+--------+
         Total |    231 |    231 |      0 |      0 |    197 |   2 |  115.5 |
       Dungeon |    231 |    231 |      0 |      0 |    197 |   2 |  115.5 |
               +--------+--------+--------+--------+--------+-----+--------+

Top non-repeatable levels by time:
     D:1: 214 daAuts
     D:2: 17 daAuts
